 Dungeon Crawl Stone Soup version 0.13.0-17-g5f0e85f (webtiles) character file.

240 MDvedh the Ruffian (level 4, 0/24 (33) HPs)
             Began as a Ghoul Air Elementalist on Oct 21, 2013.
             Slain by MDvedh's ghost (3 damage)
             ... on Level 3 of the Dungeon.
             The game lasted 00:05:16 (2828 turns).

MDvedh the Ruffian (Ghoul Air Elementalist)         Turns: 2828, Time: 00:05:16

HP   0/24 (33)   AC  8     Str 12      XL: 4   Next: 75%
MP   6/6         EV 12     Int 10      God:
Gold 139         SH  0     Dex  9      Spells:  1 memorised,  4 levels left

Res.Fire  : . . .   See Invis. : .     - Unarmed
Res.Cold  : + . .   Warding    : .   a - +0 robe
Life Prot.: + + +   Conserve   : .   (no shield)
Res.Poison: +       Res.Corr.  : .   (no helmet)
Res.Elec. : .       Clarity    : .   (no cloak)
Sust.Abil.: . .     Spirit.Shd : .   (no gloves)
Res.Mut.  : .       Stasis     : .   (no boots)
Res.Rott. : +       Flight     : .   (no amulet)
Saprovore : + + +                    d - +2 ring of protection
                                     o - +4 ring of protection

@: rotting, slightly resistant to hostile enchantments, unstealthy
A: rotting body, claws 1, carnivore 3, cold resistance 1, life protection 3,
poison resistance, saprovore 3, slow healing 1, torment resistance, unbreathing
a: no special abilities


You were on level 3 of the Dungeon.
You were hungry.

You visited 1 branch of the dungeon, and saw 3 of its levels.

You collected 119 gold pieces.

Inventory:

Armour
 a - a +0 robe (worn)
 i - a +0 plate armour
 l - a +0 ring mail
Magical devices
 r - a wand of draining (9) {unknown}
Scrolls
 c - 2 scrolls of amnesia
 f - a scroll of random uselessness
 g - 2 scrolls of curse weapon {unknown}
 k - a scroll of noise {unknown}
 m - a scroll of enchant weapon II {unknown}
 q - a scroll of teleportation {unknown}
 s - a scroll of recharging {unknown}
Jewellery
 d - a +2 ring of protection (right claw)
 o - a +4 ring of protection (left claw)
Potions
 n - 2 potions of resistance {unknown}
 p - a potion of mutation {unknown}
 t - 2 potions of heal wounds {unknown}
Books
 b - a book of Air

   Spells                             Type                      Level
   *Shock                             Conjuration/Air              1
   Swiftness                          Charms/Air                   2
   Repel Missiles                     Charms/Air                   2
   Flight                             Charms/Air                   3
   Static Discharge                   Conjuration/Air              3
   Lightning Bolt                     Conjuration/Air              5


   Skills:
 - Level 1.7 Dodging
 - Level 2.1 Stealth
 + Level 4.6 Unarmed Combat
 - Level 1.0 Spellcasting
 - Level 0.7 Conjurations
 - Level 2.4 Air Magic


You had 4 spell levels left.
You knew the following spells:

 Your Spells              Type           Power        Failure   Level  Hunger
a - Shock                 Conj/Air       #...         21%         1    ##.....


Dungeon Overview and Level Annotations

Branches:
Dungeon (3/27)

Altars:
Fedhas

Annotations:
D:3 MDvedh's ghost, average DrCj


Innate Abilities, Weirdness & Mutations

Your body is rotting away.
You have sharp fingernails.
You are carnivorous and can eat meat at any time.
Your flesh is cold resistant.
You are immune to negative energy.
Your system is resistant to poisons.
You thrive on rotten meat.
You heal slowly.
You are immune to unholy pain and torment.
You can survive without breathing.


Message History

MDvedh's ghost hits you but does no damage.
You claw MDvedh's ghost!
MDvedh's ghost is heavily damaged.
MDvedh's ghost casts a spell at you. The magic dart hits you!
* * * LOW HITPOINT WARNING * * *
You are too injured to fight recklessly!
Unknown command.
You hit MDvedh's ghost.
MDvedh's ghost is heavily damaged.
You closely miss MDvedh's ghost.
MDvedh's ghost is heavily damaged.
MDvedh's ghost barely misses you.
You miss MDvedh's ghost.
MDvedh's ghost is heavily damaged.
MDvedh's ghost hits you but does no damage.
You closely miss MDvedh's ghost.
MDvedh's ghost is heavily damaged.
MDvedh's ghost hits you.
You die...

......................#.....
###########...........#.# ####
#...........#.# ...#
#.............#### # ...#
#................# #
...########................# #
.................###.......######
...........###...# ##............
.......... #..@# #............
........... #..p# #............
.................. #.##....#####
##................. #.##....#####
...................##.#..........
#......(...........##.#....######
#..........##########.#.###......
#.########.#### #.#.###.§####
#.#####........ ..#.#.#...§§...


You could see MDvedh's ghost.

Vanquished Creatures
  Terence (D:2)
  4 adders (D:2)
  A giant mite (D:2)
  2 giant geckos
  7 bats
  2 giant cockroaches (D:3)
  3 hobgoblins
  3 jackals (D:2)
  4 kobolds
  2 giant newts (D:1)
  7 goblins
  6 rats
42 creatures vanquished.

Notes
Turn   | Place    | Note
--------------------------------------------------------------
     0 | D:1      | MDvedh, the Ghoul Air Elementalist, began the quest for the Orb.
     0 | D:1      | Reached XP level 1. HP: 14/14 MP: 3/3
   157 | D:1      | Reached skill level 1 in Unarmed Combat
   431 | D:1      | Reached XP level 2. HP: 14/20 MP: 4/4
  1309 | D:2      | Found a blossoming altar of Fedhas.
  1346 | D:2      | Reached XP level 3. HP: 10/19 MP: 5/5
  1470 | D:2      | Reached skill level 3 in Unarmed Combat
  1896 | D:2      | Noticed Terence
  1907 | D:2      | Killed Terence
  1907 | D:2      | Reached skill level 4 in Unarmed Combat
  1907 | D:2      | Reached XP level 4. HP: 15/24 MP: 6/6
  2815 | D:3      | Noticed MDvedh's ghost (average DrCj)
  2828 | D:3      | Slain by MDvedh's ghost

Action                   |  1- 3 |  4- 6 || total
-------------------------+-------+-------++-------
Melee: Unarmed           |   122 |    66 ||   188
  Use: Scroll            |       |     5 ||     5
 Stab: Sleeping          |     1 |     1 ||     2
